Map: Ever Dream LE

Players

LiquidClem (Clem) - Winner!

  • Race: Terran Terran
  • League: Master
  • Spawn Location: 1:00

BlyOnFire (Bly)

  • Race: Zerg Zerg
  • League: Grandmaster
  • Spawn Location: 7:00

Event: DreamHack SC2 Masters 2020 Summer Europe

VOD

Have the link to the VOD?

Description

Time

  • Played on: June 28, 2020, 11:30 a.m.
  • Length: 13:32

All games in this series

Show
View Real Time Build Order
Export as new Build Order

LiquidClem Terran - Winner!

Build Orders: Reaper Expand 

Get SALT Encoding   

  12  0:00  SCV  
  13  0:12  SCV  
  14  0:17  Supply Depot  
  14  0:24  SCV  
  15  0:38  SCV  
  15  0:39  Barracks  
  16  0:43  Refinery  
  16  0:50  SCV  
  17  1:02  SCV  
  18  1:15  SCV  
  19  1:26  Reaper  
  19  1:27  Orbital Command  
  20  1:39  Command Center  
  20  1:47  Supply Depot  
  20  1:52  SCV  
  21  1:58  Marine  
  22  2:01  Bunker  
  22  2:10  Factory  
  22  2:14  SCV  
  23  2:16  Marine  
  24  2:23  Refinery  
  24  2:28  Bunker  
  24  2:39  Bunker  
  24  2:41  Barracks Tech Lab  
  24  2:43  SCV  
  25  3:02  Cyclone  
  28  3:06  Marine  
  28  3:09  Orbital Command  
  29  3:14  SCV  
  30  3:23  Marine  
  31  3:30  SCV  
  32  3:34  Cyclone  
  35  3:44  Marine  
  35  3:46  Starport  
  35  3:52  SCV x2  
  37  3:58  Supply Depot  
  37  4:02  Marine  
  38  4:06  Siege Tank  
  38  4:07  SCV  
  42  4:16  Barracks  
  42  4:19  Marine  
  43  4:29  Starport Tech Lab  
  43  4:34  Supply Depot, SCV x2  
  43  4:37  Marine  
  46  4:41  Siege Tank  
  49  4:47  SCV  
  49  4:48  SCV  
  49  4:52  Cloaking Field  
  51  4:58  Banshee  
  54  5:00  SCV  
  54  5:02  SCV  
  54  5:07  Marine x2  
  58  5:17  Supply Depot  
  52  5:22  SCV  
  52  5:24  Marine, SCV  
  52  5:28  Bunker  
  49  5:29  Siege Tank  
  49  5:30  Marine  
  49  5:33  Supply Depot  
  49  5:34  SCV  
  54  5:36  SCV  
  54  5:42  Banshee  
  58  5:43  Marine  
  59  5:50  Marine  
  60  5:59  Supply Depot  
  60  6:00  SCV  
  60  6:01  Marine, SCV  
  63  6:06  Siege Tank  
  63  6:08  Marine  
  61  6:12  SCV  
  56  6:19  Marine  
  56  6:24  SCV  
  57  6:25  Orbital Command  
  57  6:26  Marine  
  57  6:28  Banshee  
  61  6:36  Marine  
  61  6:37  SCV  
  60  6:43  Marine  
  60  6:44  Orbital Command  
  60  6:46  Siege Tank  
  64  6:53  SCV  
  63  6:54  Marine  
  57  7:01  Marine  
  57  7:05  SCV  
  59  7:12  Marine  
  59  7:15  Banshee  
  64  7:17  SCV  
  64  7:19  Marine  
  64  7:29  SCV  
  65  7:30  Marine  
  61  7:37  Marine  
  61  7:39  Orbital Command  
  61  7:41  SCV  
  61  7:42  Siege Tank  
  63  7:47  Supply Depot  
  63  7:48  Marine  
  64  7:52  Bunker  
  64  7:53  SCV  
  64  7:55  Marine  
  66  8:01  Banshee  
  69  8:06  Marine  
  62  8:12  Marine  
  62  8:13  Orbital Command, SCV  
  62  8:16  Siege Tank  
  67  8:23  Marine  
  68  8:30  Marine  
  69  8:35  SCV, Barracks  
  69  8:40  SCV  
  71  8:43  Marine  
  71  8:48  SCV  
  73  8:52  Siege Tank, Marine  
  77  8:55  SCV  
  77  9:01  Marine  
  79  9:03  Banshee  
  79  9:05  SCV  
  79  9:08  SCV  
  84  9:12  Marine  
  82  9:17  Supply Depot, SCV  
  82  9:19  Marine  
  82  9:20  SCV  
  85  9:24  Siege Tank  
  85  9:30  Marine  
  84  9:36  Engineering Bay, SCV x2  
  84  9:37  Supply Depot  
  86  9:40  Marine  
  86  9:42  Refinery  
  86  9:44  Refinery  
  84  9:48  Banshee, Marine  
  84  9:50  SCV x2  
  90  9:57  Marine  
  91  10:01  Siege Tank  
  91  10:03  SCV  
  91  10:05  Marine  
  96  10:08  Supply Depot  
  80  10:23  Command Center  
  80  10:25  Barracks Tech Lab  
  80  10:29  SCV  
  80  10:31  Marine  
  80  10:33  Banshee  
  84  10:43  SCV  
  84  10:47  Terran Infantry Weapons Level 1  
  84  10:48  Stimpack  
  84  10:49  Marine x2  
  87  10:54  Marine, Barracks  
  88  11:02  Bunker  
  88  11:03  Siege Tank  
  91  11:06  Marine  
  91  11:10  SCV  
  93  11:13  Marine  
  93  11:18  Marine  
  95  11:24  Medivac  
  97  11:27  Marine  
  97  11:31  Marine  
  99  11:33  Supply Depot  
  99  11:35  Marine  
  99  11:39  Supply Depot, Orbital Command  
  100  11:43  Marine  
  100  11:44  Marine  
  102  11:56  Siege Tank  
  102  11:58  Medivac  
  107  12:03  Marine  
  108  12:09  Marine x2  
  108  12:12  Barracks  
  108  12:13  Barracks  
  110  12:16  Marine  
  110  12:19  Orbital Command  
  111  12:23  Marine  
  111  12:27  Marine x2  
  114  12:37  Siege Tank  
  114  12:45  Marine  
  114  12:46  Marine  
  114  12:48  Marine x2  
  116  12:58  Marine  
  116  13:00  Medivac  
  116  13:03  Marine  
  116  13:04  Marine  
  121  13:05  Marine  
  121  13:10  Marine x2  
Show
View Real Time Build Order
Export as new Build Order

BlyOnFire Zerg 

Build Orders: Hatch First, Ravager All-In 

Get SALT Encoding   

  12  0:01  Drone  
  13  0:12  Overlord  
  13  0:17  Drone  
  14  0:31  Drone x2  
  16  0:50  Hatchery  
  16  0:53  Drone  
  16  0:57  Drone  
  16  1:02  Drone  
  18  1:11  Extractor  
  17  1:16  Spawning Pool  
  16  1:18  Drone  
  16  1:22  Drone  
  18  1:28  Drone  
  19  1:42  Drone  
  20  1:55  Drone  
  21  2:03  Queen x2  
  21  2:07  Roach Warren, Drone  
  25  2:10  Overlord  
  25  2:28  Unknown  
  25  2:29  Drone x2  
  26  2:33  Overlord  
  26  2:36  Drone  
  27  2:45  Queen  
  27  2:49  Drone x2  
  27  2:50  Roach  
  33  2:57  Overlord  
  33  3:01  Roach  
  35  3:09  Roach x2  
  39  3:15  Roach  
  41  3:21  Roach  
  43  3:30  Ravager x2  
  43  3:31  Roach x2  
  49  3:36  Overlord  
  49  3:46  Ravager x2  
  51  4:11  Metabolic Boost  
  51  4:15  Overlord x2  
  51  4:20  Ravager  
  51  4:21  Overlord  
  52  4:33  Overlord x2  
  52  4:36  Roach x4  
  60  4:48  Spore Crawler  
  60  4:49  Ravager x2  
  60  4:50  Ravager  
  59  4:58  Roach x4  
  67  5:01  Zergling x4  
  67  5:06  Spore Crawler  
  59  5:24  Roach x4  
  59  5:25  Zergling x2  
  62  5:30  Ravager x2  
  62  5:32  Zergling x2  
  62  5:35  Ravager  
  65  5:50  Ravager, Zergling x2  
  65  5:51  Zergling x8  
  64  6:20  Ravager x3  
  64  6:21  Ravager, Zergling x10  
  73  6:36  Drone  
  65  6:43  Drone x4  
  65  6:45  Ravager  
  68  7:03  Ravager, Zergling x8  
  68  7:04  Queen  
  68  7:06  Unknown  
  68  7:07  Overlord x2  
  74  7:10  Overlord  
  74  7:12  Overlord  
  72  7:30  Ravager  
  72  7:31  Zergling x12  
  72  7:33  Spore Crawler  
  72  7:43  Queen  
  68  7:45  Drone  
  68  7:48  Drone  
  70  7:57  Drone  
  71  8:05  Spore Crawler  
  58  8:14  Roach x2  
  59  8:22  Queen  
  59  8:24  Roach  
  63  8:35  Ravager  
  63  8:36  Ravager x2  
  63  8:41  Hatchery  
  65  8:45  Roach  
  68  8:48  Ravager  
  68  8:58  Queen  
  65  9:16  Roach x4  
  68  9:19  Ravager  
  66  9:26  Zergling x12  
  65  9:34  Queen  
  66  9:42  Ravager x2  
  66  9:43  Ravager x2  
  68  9:48  Zergling x4  
  68  9:49  Zergling x2  
  70  10:06  Zergling x12  
  50  10:16  Roach  
  48  10:21  Roach  
  48  10:23  Drone x2  
  50  10:32  Queen  
  52  10:38  Spore Crawler  
  50  10:46  Drone  
  50  10:47  Drone  
  50  10:49  Unknown  
  51  10:51  Ravager  
  51  10:52  Ravager  
  53  11:03  Drone x3  
  57  11:04  Drone x3  
  59  11:17  Queen  
  49  11:30  Roach x2  
  49  11:31  Roach  
  48  11:57  Roach x2  
  48  11:58  Zergling x14  
  59  12:17  Ravager  
  59  12:18  Ravager x2  
  59  12:19  Zergling x14  
  69  12:46  Spore Crawler  
  69  12:51  Drone x3  
  64  12:52  Drone x2  
  64  12:53  Drone  
  66  13:02  Drone  
  69  13:19  Ravager  
Tags
 
Add a new tag
Caveats
  • Supply blocks, unpowered buildings, or Contaminate may cause inaccurate times.
  • Supply counts are checked every 10 seconds.